 Dungeon Crawl Stone Soup version 0.30-a0-802-gb92711bcdf (webtiles) character file.

Game seed: 2668489464253378917

4092 bande the Cleaver (level 10, -4/63 HPs)
             Began as a Gargoyle Fighter on Feb 24, 2023.
             Was a Believer of Okawaru.
             Slain by a two-headed ogre
             ... wielding a +0 giant club
              (27 damage)
             ... on level 9 of the Dungeon.
             The game lasted 00:16:03 (7768 turns).

bande the Cleaver (Gargoyle Fighter)                Turns: 7768, Time: 00:16:03

Health: -4/63      AC: 24    Str: 26    XL:     10   Next: 26%
Magic:  12/12      EV:  8    Int:  9    God:    Okawaru [**....]
Gold:   259        SH:  5    Dex: 13    Spells: 9/9 levels left

rFire   + . .      SeeInvis .    a - +1 war axe
rCold   + . .      Faith    .    c - +0 buckler
rNeg    + + .      Spirit   .    L - +0 chain mail {rC+}
rPois   ∞          Reflect  .    (no helmet)
rElec   +          Harm     .    (no cloak)
rCorr   .          Rampage  .    (no gloves)
Will    .....                    J - +1 pair of boots "Pagaq" {rF+ rN+ Str+6} Stlth
                                 (no amulet)
HPRegen 0.30/turn                k - +4 ring of slaying
MPRegen 0.13/turn                t - +4 ring of protection

@: studying Armour
A: sickness immunity, AC +7, negative energy resistance 1, electricity
resistance, torment resistance 1, petrification resistance
a: Renounce Religion, Heroism


You were on level 9 of the Dungeon.
You worshipped Okawaru.
Okawaru was pleased with you.
You visited 2 branches of the dungeon, and saw 10 of its levels.

You collected 534 gold pieces.
You spent 275 gold pieces at shops.

Inventory:

Hand Weapons
 a - a +1 war axe (weapon)
 v - a +0 flail
 H - a +0 war axe
Armour
 c - a +0 buckler (worn)
 j - a +2 pair of boots
 y - an orb of light
 J - the +1 pair of boots "Pagaq" (worn) {rF+ rN+ Str+6}
   (You bought it in a shop on level 8 of the Dungeon)

   Str:       It affects your strength (+6).
   rF:        It protects you from fire.
   rN:        It protects you from negative energy.
 L - a +0 chain mail of cold resistance (worn)
Jewellery
 k - a +4 ring of slaying (left hand)
 m - a ring of wizardry
 n - a ring of fire
 s - an amulet of faith
 t - a +4 ring of protection (right hand)
 B - a +6 ring of dexterity
 D - a ring of ice
 F - a ring of flight
 G - a ring of protection from fire
Wands
 A - a wand of iceblast (7)
 I - a wand of flame (26)
Scrolls
 i - 3 scrolls of blinking
 l - 2 scrolls of magic mapping
 p - 7 scrolls of identify
 u - 3 scrolls of enchant weapon
 C - a scroll of teleportation
 K - a scroll of fear
Potions
 b - a potion of degeneration {unknown}
 d - 4 potions of might
 e - 3 potions of heal wounds
 f - a potion of invisibility {unknown}
 g - 2 potions of haste
 h - 2 potions of brilliance
 q - a potion of ambrosia {unknown}
 r - a potion of mutation {unknown}
 w - 2 potions of resistance
 x - 2 potions of lignification {unknown}
 z - 6 potions of curing {unknown}
 E - a potion of flight {unknown}


   Skills:
 + Level 7.0 Fighting
 + Level 9.7 Axes
 + Level 8.2 Armour
 + Level 5.7 Shields
 * Level 3.2 Invocations
 * Level 2.5 Evocations


You had 9 spell levels left.
You didn't know any spells.
Your spell library contained the following spells:

 Spells                   Type           Power      Damage    Failure   Level
 Slow                     Hex            0%         N/A       95%         1
 Ensorcelled Hibernation  Hex/Ice        0%         N/A       99%         2
 Passwall                 Tmut/Erth      0%         N/A       99%         2
 Confusing Touch          Hex            0%         N/A       100%        3
 Dazzling Flash           Conj/Hex       0%         N/A       100%        3
 Inner Flame              Hex/Fire       0%         N/A       100%        3
 Swiftness                Air            0%         N/A       100%        3
 Vampiric Draining        Necr           0%         2d6       100%        3
 Flame Wave               Conj/Fire      0%         2d4       100%        4
 Sticky Flame             Conj/Fire      0%         2d3       100%        4
 Agony                    Necr           0%         N/A       100%        5
 Silence                  Hex/Air        0%         N/A       100%        5


Dungeon Overview and Level Annotations

Branches:
Dungeon (9/15)             Temple (1/1) D:7
   Lair: D:8-11         Orc: D:9-12

Altars:
Ashenzari
Cheibriados
Gozag
Hepliaklqana
Kikubaaqudgha
Makhleb
Okawaru
Qazlal
Ru
Sif Muna
Trog
Uskayaw
Vehumet
Wu Jian
Xom
Yredelemnul
Zin
The Shining One

Shops:
D:3 [(:   D:8 [

Annotations:
D:6 2 transporters


Innate Abilities, Weirdness & Mutations

You are immune to sickness and miasma.
Your stone body is resilient. (AC +7)
You are immune to poison.
You resist negative energy. (rN+)
You are resistant to electric shocks. (rElec)
You are resistant to unholy torment.
You are immune to petrification.


Message History

Okawaru accepts your kill.
No target in view!
No target in view!
No target in view!
No target in view!
No target in view!
Things that are here:
a +0 dagger; a +0 chain mail A two-headed ogre comes into view.
It is wielding two +0 giant clubs.
The two-headed ogre shouts in stereo!
A two-headed ogre is nearby!
A two-headed ogre is nearby!
You block the two-headed ogre's attack.
The two-headed ogre hits you but does no damage.
You hit the two-headed ogre.
The two-headed ogre is lightly wounded.
You barely miss the two-headed ogre.
The two-headed ogre is lightly wounded.
The two-headed ogre hits you with a +0 giant club!
You block the two-headed ogre's attack.
You barely miss the two-headed ogre.
The two-headed ogre is lightly wounded.
The two-headed ogre hits you with a +0 giant club! x2
You are too injured to fight recklessly!
You are too injured to fight recklessly!
You are too injured to fight recklessly!
You are too injured to fight recklessly!
You are too injured to fight recklessly!
You are too injured to fight recklessly!
You are too injured to fight recklessly!
You slash the two-headed ogre!
The two-headed ogre is moderately wounded.
The two-headed ogre hits you but does no damage.
The two-headed ogre closely misses you.
You hit the two-headed ogre.
The two-headed ogre is moderately wounded.
You slash the two-headed ogre!
The two-headed ogre is heavily wounded.
The two-headed ogre hits you with a +0 giant club!!
You die...

#...........<....# #..#
#................# #..#
#.............##.# #..#
#.............##.####...
#.............##........
#.............##........
#.............##........
#.............##........
#####.#####@......##........
#.....# #O......##.......#
#.....# #...#...##.......#
#.....# #...# ..##.......#
####..# #...# .# #..# #...#
#..# #...# #..# #...# #..#


You could see a two-headed ogre.

Vanquished Creatures
  The ghost of greynaab the Cleaver, a novice MeFi of Trog (D:7)
  A kobold demonologist (D:4)
  The ghost of tarna41 the Sneak, an amateur SpCj of Yredelemnul (D:4)
  5 yaks (D:8)
  A steam dragon (D:6)
  A water moccasin (D:5)
  A sky beast (D:7)
  2 ice beasts
  2 centaurs
  A phantom (D:5)
  2 kobold brigands
  A gnoll sergeant (D:8)
  2 necrophages
  A bullfrog (D:8)
  5 scorpions
  3 wights (D:8)
  A howler monkey (D:6)
  A crimson imp (D:7)
  4 hounds
  4 jellies
  4 iguanas
  8 orc wizards
  3 gnolls (D:8)
  9 adders
  A shadow imp (D:6)
  2 white imps
  A worm (D:4)
  14 orcs
  7 bats
  14 endoplasms
  3 giant cockroaches (D:3)
  7 goblins
  9 hobgoblins
  4 jackals (D:1)
  5 quokkas (D:2)
  6 ball pythons
  3 frilled lizards
  18 kobolds
  4 rats
162 creatures vanquished.

Notes
Turn   | Place    | Note
-------+----------+-------------------------------------------
     0 | D:1      | bande the Gargoyle Fighter began the quest for the Orb.
     0 | D:1      | Reached XP level 1. HP: 14/14 MP: 1/1
   187 | D:1      | Reached XP level 2. HP: 19/19 MP: 2/2
   260 | D:1      | Reached skill level 2 in Axes
   455 | D:1      | Reached XP level 3. HP: 23/23 MP: 3/3
   839 | D:2      | Found a shimmering altar of Xom.
   966 | D:2      | Reached XP level 4. HP: 28/28 MP: 4/4
  1255 | D:3      | Found Nenal's Weapon Boutique.
  1278 | D:2      | Reached skill level 3 in Axes
  1805 | D:3      | Noticed a scorpion
  1811 | D:3      | Killed a scorpion
  1812 | D:3      | Reached XP level 5. HP: 33/33 MP: 5/5
  1935 | D:3      | Found a snail-covered altar of Cheibriados.
  1941 | D:3      | Found a shimmering altar of Xom.
  2012 | D:3      | Found Rasam's Armour Emporium.
  2274 | D:3      | Reached skill level 4 in Axes
  2346 | D:3      | Found Mautian's Book Boutique.
  2509 | D:4      | Reached XP level 6. HP: 37/38 MP: 6/6
  3192 | D:5      | Entered Level 5 of the Dungeon
  3286 | D:5      | Reached skill level 5 in Axes
  3319 | D:5      | Noticed a kobold demonologist
  3352 | D:5      | Noticed tarna41's ghost (amateur SpCj)
  3353 | D:5      | Found a runed translucent gate.
  3354 | D:5      | Found a runed translucent gate.
  3355 | D:5      | Found a runed translucent gate.
  3418 | D:5      | Reached XP level 7. HP: 39/44 MP: 7/7
  3501 | D:5      | Reached skill level 5 in Armour
  3787 | D:5      | Reached skill level 6 in Axes
  4449 | D:4      | Killed tarna41's ghost
  4450 | D:4      | Reached XP level 8. HP: 48/48 MP: 8/8
  4760 | D:4      | Killed a kobold demonologist
  4761 | D:4      | Reached skill level 5 in Fighting
  4761 | D:4      | Reached skill level 7 in Axes
  4957 | D:6      | Identified a scroll of acquirement
  4957 | D:6      | Acquired a manual of Armour
  4975 | D:6      | Identified the +10 spear "Caaxatat" {antimagic, Fragile rF+
                  | Will- Dex+8}
  5308 | D:6      | Reached XP level 9. HP: 47/55 MP: 9/9
  5365 | D:6      | Reached skill level 5 in Shields
  5513 | D:6      | Found a transporter.
  5520 | D:6      | Reached skill level 8 in Axes
  5639 | D:6      | Found a transporter.
  5915 | D:7      | Found a large runed translucent door.
  5915 | D:7      | Found a large runed translucent door.
  5917 | D:7      | Noticed greynaab's ghost (novice MeFi)
  6229 | D:7      | Found a staircase to the Ecumenical Temple.
  6329 | Temple   | Entered the Ecumenical Temple
  6507 | Temple   | Became a worshipper of Warmaster Okawaru
  6732 | D:7      | Killed greynaab's ghost
  6732 | D:7      | Reached * piety under Okawaru
  6733 | D:7      | Reached skill level 9 in Axes
  6733 | D:7      | Reached skill level 1 in Invocations
  6733 | D:7      | Reached skill level 1 in Evocations
  7070 | D:8      | Found Moqigeru's Antique Armour Boutique.
  7076 | D:8      | Bought a pair of transparent boots for 275 gold pieces
  7076 | D:8      | Identified the +1 pair of boots "Pagaq" {rF+ rN+ Str+6}
                  | (You bought it in a shop on level 8 of the Dungeon)
  7222 | D:8      | Reached XP level 10. HP: 61/61 MP: 11/11
  7226 | D:8      | Reached ** piety under Okawaru
  7691 | D:9      | Found an ornate altar of the Wu Jian Council.
  7761 | D:9      | Noticed a two-headed ogre
  7768 | D:9      | Slain by a two-headed ogre

Illustrated notes

Levels and vault maps discovered:
D:1:      giann_bridges, layout_basic
D:2:      layout_rooms, basic_altar, minmay_mini_jars
D:3:      layout_basic, jmf_multi_god_temple, serial_shops, shop_fountains,
          nicolae_shop_temple_entry_statues_fountains, shop
D:4:      layout_gridville
D:5:      layout_cave_pods, gammafunk_ghost_split, kennysheep_path_1
D:6:      gammafunk_cloud_chamber, layout_loops_ring, minmay_checkerbox
D:7:      layout_cave_pools, minmay_temple_entry_overgrown,
          ebering_ghost_disaster_area, minmay_fire_ice_demons
D:8:      layout_loops_ring, serial_shops, shop, minmay_misc_feat_square
D:9:      layout_long_grid, nicolae_wu_jian_glorious_leap, hive_lemuel
Temple:   hc_temple_tempest_star

Skill      XL: |  1  2  3  4  5  6  7  8  9 10 |
---------------+-------------------------------+-----
Axes           | 2 3 4 5 6 7 9 |  9.7
Armour         | 4 5 6 7 8 |  8.2
Fighting       | 4 5 6 7 |  7.0
Shields        | 4 5 |  5.7
Invocations    | 2 3 |  3.2
Evocations     | 1 2 |  2.5

Action                     |  1- 3 |  4- 6 |  7- 9 | 10-12 || total
---------------------------+-------+-------+-------+-------++-------
  Melee: War axe           |    90 |   116 |   224 |    44 ||   474
    Use: Scroll            |       |    10 |     4 |       ||    14
 Armour: Scale mail        |    57 |    30 |       |       ||    87
         Chain mail        |       |    60 |   187 |    23 ||   270
  Dodge: Dodged            |    46 |    41 |    87 |    15 ||   189
  Block: Buckler           |    29 |    33 |    62 |    18 ||   142

Table legend: (Time is in decaauts)
 A = Elapsed time spent in this place.
 B = Non-inter-level travel time spent in this place.
 C = Inter-level travel time spent in this place.
 D = Time resting spent in this place.
 E = Time spent auto-exploring this place.
 F = Levels seen in this place.
 G = Mean time per level.
                   A        B        C        D        E       F      G
               +--------+--------+--------+--------+--------+-----+--------+
         Total |   7889 |   7765 |    124 |   1580 |   4658 |  10 |  788.9 |
       Dungeon |   7695 |   7585 |    110 |   1580 |   4504 |   9 |  855.0 |
        Temple |    193 |    179 |     14 |      0 |    154 |   1 |  193.0 |
               +--------+--------+--------+--------+--------+-----+--------+

Top non-repeatable levels by time:
     D:4: 1488 daAuts
     D:2: 991 daAuts
     D:5: 976 daAuts
     D:8: 900 daAuts
     D:6: 870 daAuts
     D:1: 790 daAuts
     D:7: 788 daAuts
     D:3: 780 daAuts
  Temple: 193 daAuts
     D:9: 107 daAuts
